 Dungeon Crawl Stone Soup version 0.31-a0-216-g22e908daa7 (webtiles) character file.

Game seed: 10725637642406385827

430 qw the Chopper (level 6, -10/38 HPs)
             Began as a Gargoyle Fighter on July 1, 2023.
             Engulfed by a steam dragon's steam (15 damage)
             ... on level 7 of the Dungeon.
             The game lasted 00:01:34 (3133 turns).

qw the Chopper (Gargoyle Fighter)                   Turns: 3133, Time: 00:01:35

Health: -10/38     AC: 13    Str: 22    XL:     6   Next: 99%
Magic:  6/6        EV:  8    Int:  8    God:
Gold:   170        SH:  4    Dex:  9    Spells: 5/5 levels left

rFire   . . .        Y - +0 war axe (flame)
rCold   . . .        c - +0 buckler
rNeg    + . .        k - +0 chain mail
rPois   inf          (no helmet)
rElec   +            (no cloak)
rCorr   .            (no gloves)
SInv    .            (no boots)
Will    .....        (no amulet) Stlth
                     (no ring)
HPRegen 0.26/turn    (no ring)
MPRegen 0.10/turn

%: no passive effects
@: no status effects
A: sickness immunity, AC +4, negative energy resistance 1, electricity
resistance, torment resistance 1, petrification resistance
a: no special abilities


You were on level 7 of the Dungeon.
You visited 1 branch of the dungeon, and saw 7 of its levels.

You collected 170 gold pieces.


Innate Abilities, Weirdness & Mutations

You are immune to sickness and miasma.
Your stone body is resilient. (AC +4)
You are immune to poison.
You resist negative energy. (rN+)
You are resistant to electric shocks. (rElec)
You are resistant to unholy torment.
You are immune to petrification.


   Skills:
 - Level 4.0 Fighting
 - Level 6.0 Axes
 - Level 1.2 Throwing
 - Level 3.2 Armour
 + Level 0.1 Dodging
 - Level 3.2 Shields


You had 5 spell levels left.
You didn't know any spells.
Your spell library was empty.

Inventory:

Hand Weapons
 Y - a +0 war axe of flaming (weapon)
Missiles
 j - 3 javelins
Armour
 a - the +2 pair of boots "Lipaat" {rPois Will- Regen+ Dex-3}
   (You acquired it on level 2 of the Dungeon)

   Dex:       It affects your dexterity (-3).
   rPois:     It protects you from poison.
   Regen:     It increases your rate of health regeneration.
   Will:      It decreases your willpower.
 c - a +0 buckler (worn)
 i - the +3 ring mail of Asceticism {rPois rF- rC+ Stlth+}
   (You found it on level 3 of the Dungeon)

   rF:        It makes you vulnerable to fire.
   rC:        It protects you from cold.
   rPois:     It protects you from poison.
   Stlth:     It makes you more stealthy.
 k - a +0 chain mail (worn)
Jewellery
 f - an amulet of the acrobat
 m - an amulet of faith
Scrolls
 l - a scroll of identify
 p - a scroll of enchant armour
Potions
 b - a potion of mutation
 d - 2 potions of might
 g - a potion of magic
 h - a potion of invisibility {unknown}
 o - a potion of resistance {unknown}

Dungeon Overview and Level Annotations

Branches:
Dungeon (8/15)
 Temple: D:4-7         Lair: D:8-11

Altars:
Sif Muna

Shops:
D:2 =

Annotations:
D:7 Prince Ribbit


Message History

Sorry, I don't know how to get there.
Waypoint 4 assigned to D:8.
You open the door.
There is an open door here.
Found a stone staircase leading up.
(D) Dungeon
Where to? (* - list waypoints, Enter - D:5, ? - help)
What level of the Dungeon? (default 1, ? - help)
There is a stone staircase leading up here.
You climb upwards.
Prince Ribbit gives a loud, deep croak!
You hear an angry hiss.
There is a stone staircase leading down here.
Prince Ribbit is nearby!
Waypoint 5 assigned to D:7.
You closely miss Prince Ribbit.
Prince Ribbit blinks!
A steam dragon comes into view.
The steam dragon hisses angrily.
The steam dragon breathes steam at you. The ball of steam hits you!
The steam dragon moves out of view.
3128 ||| Stepping ~*~*~tactically~*~*~ (cloud).
You throw a silver javelin.
The silver javelin hits Prince Ribbit and shatters for extra damage!
Prince Ribbit is moderately wounded.
Prince Ribbit hits you but does no damage.
You closely miss Prince Ribbit.
Prince Ribbit is moderately wounded.
Prince Ribbit hits you. You block Prince Ribbit's attack.
You closely miss Prince Ribbit.
Prince Ribbit is moderately wounded.
The steam dragon breathes steam at you. The ball of steam hits you!
Prince Ribbit hits you! Prince Ribbit closely misses you.
You hit Prince Ribbit. You burn Prince Ribbit.
Prince Ribbit is moderately wounded.
You are engulfed in a cloud of scalding steam.
You block Prince Ribbit's attack.
You barely miss Prince Ribbit.
Prince Ribbit is moderately wounded.
You are engulfed in a cloud of scalding steam.
You die...

.... #..##
#.... .... #.##
#..# ##..
.....##..#.....
#.....F.¤......
#@#####...
#.>.....#
#.D...#####
#.¤...#
..¤¤...#
...#.....#
#.##.....# #.
####### .


You could see Prince Ribbit and a steam dragon.

Vanquished Creatures
  A hound (D:4)
  A jelly (D:4)
  3 iguanas
  2 orc wizards
  11 adders
  4 gnolls (D:2)
  2 worms
  4 dart slugs
  8 orcs
  6 endoplasms
  2 giant cockroaches (D:1)
  7 goblins
  6 hobgoblins
  16 jackals
  3 kobolds
  2 quokkas
  5 ball pythons
  2 bats (D:3)
  A frilled lizard (D:3)
  4 rats
90 creatures vanquished.

Notes
Turn   | Place    | Note
-------+----------+-------------------------------------------
     0 | D:1      | qw the Gargoyle Fighter began the quest for the Orb.
     0 | D:1      | Reached XP level 1. HP: 14/14 MP: 1/1
     0 | D:1      | 0 ||| qw: Version: 0.3-a-35-g05ef00e
     0 | D:1      | 0 ||| qw: Game counter: 7777
     0 | D:1      | 0 ||| qw: Melee chars always use a shield: true
     0 | D:1      | 0 ||| qw: God list: Okawaru
     0 | D:1      | 0 ||| qw: Allow faded altars: false
     0 | D:1      | 0 ||| qw: Do Orc after clearing Dungeon:15 true
     0 | D:1      | 0 ||| qw: Do second Lair branch before Depths: true
     0 | D:1      | 0 ||| qw: Lair rune preference: random
     0 | D:1      | 0 ||| qw: Goals: Normal, Zot:1-4, Slime:5, God:TSO, Crypt,
                  | Tomb, Abyss, Pan, Hells, Win
     0 | D:1      | 0 ||| PLANNING D:1-11
    46 | D:1      | Reached skill level 2 in Axes
    91 | D:1      | Reached XP level 2. HP: 19/19 MP: 2/2
   609 | D:1      | 609 ||| UPGRADING to +0 chain mail.
   619 | D:1      | 619 ||| DROPPING +0 scale mail.
   620 | D:1      | 620 ||| READING 2 scrolls labelled FELERUIVUU.
   621 | D:1      | 621 ||| READING scroll labelled KIFECH ZULUSCH.
   622 | D:1      | 622 ||| READING scroll labelled IREMUU OMAKY.
   623 | D:1      | 623 ||| DROPPING scroll of noise.
   655 | D:2      | 655 ||| STAIRDANCE
   659 | D:1      | Reached skill level 3 in Axes
   659 | D:1      | Reached XP level 3. HP: 22/23 MP: 3/3
   677 | D:2      | 677 ||| Stepping ~*~*~tactically~*~*~ (hiding).
   680 | D:2      | 680 ||| Stepping ~*~*~tactically~*~*~ (hiding).
   688 | D:2      | Reached skill level 1 in Throwing
   698 | D:2      | Reached XP level 4. HP: 23/28 MP: 4/4
   742 | D:2      | 742 ||| DROPPING +0 club.
   798 | D:2      | Found a faded altar of an unknown god.
   920 | D:2      | Found a shimmering blue altar of Sif Muna.
   960 | D:2      | Reached skill level 4 in Axes
   969 | D:2      | Found Foen's Jewellery Shoppe.
   978 | D:2      | 978 ||| SHOPLISTING amulet of reflection (420 gold, have
                  | 44).
   978 | D:2      | 978 ||| SHOPLISTING amulet of regeneration (420 gold, have
                  | 44).
   978 | D:2      | 978 ||| SHOPLISTING ring of Ephemeral Luck {rF+ Int+3 SInv}
                  | (494 gold, have 44).
   978 | D:2      | 978 ||| SHOPLISTING ring of ice (350 gold, have 44).
   978 | D:2      | 978 ||| SHOPLISTING ring of willpower (350 gold, have 44).
  1002 | D:2      | 1002 ||| Stepping ~*~*~tactically~*~*~ (hiding).
  1071 | D:2      | 1071 ||| Stepping ~*~*~tactically~*~*~ (hiding).
  1354 | D:2      | Reached XP level 5. HP: 32/32 MP: 5/5
  1498 | D:2      | 1498 ||| READING scroll labelled PUTWAAC DU PYEH.
  1499 | D:2      | 1499 ||| READING scroll labelled LAMUIM SEMIULUS.
  1500 | D:2      | 1500 ||| DROPPING +0 flail.
  1501 | D:2      | 1501 ||| READING scroll labelled PABAERASEQ.
  1502 | D:2      | 1502 ||| READING 2 scrolls labelled JACICI SEIMI.
  1503 | D:2      | 1503 ||| READING scroll labelled CAMNYPT CUEXKO.
  1503 | D:2      | Identified a scroll of acquirement
  1503 | D:2      | 1503 ||| ACQUIRING +2 pair of boots "Lipaat" {rPois Will-
                  | Regen+ Dex-3}
  1503 | D:2      | Acquired the +2 pair of boots "Lipaat" {rPois Will- Regen+
                  | Dex-3}
  1505 | D:2      | 1505 ||| DRINKING 2 coppery potions.
  1506 | D:2      | 1506 ||| DROPPING scroll of fear.
  1619 | D:3      | 1619 ||| Stepping ~*~*~tactically~*~*~ (hiding).
  1686 | D:3      | Identified the +3 ring mail of Asceticism {rPois rF- rC+
                  | Stlth+}
  1722 | D:3      | 1722 ||| Stepping ~*~*~tactically~*~*~ (hiding).
  1749 | D:3      | 1749 ||| Stepping ~*~*~tactically~*~*~ (stealth).
  1875 | D:3      | Reached skill level 5 in Axes
  2247 | D:3      | 2247 ||| READING scroll labelled XORREA NEGGEO.
  2248 | D:3      | 2248 ||| READING scroll labelled NITUT ECUCSUO.
  2277 | D:4      | 2277 ||| STAIRDANCE
  2305 | D:4      | Reached XP level 6. HP: 29/38 MP: 6/6
  2315 | D:4      | 2315 ||| FLEEEEING.
  2316 | D:4      | 2316 ||| FLEEEEING.
  2317 | D:4      | 2317 ||| STAIRDANCE
  2354 | D:4      | 2354 ||| STAIRDANCE
  2627 | D:4      | 2627 ||| Stepping ~*~*~tactically~*~*~ (stealth).
  2733 | D:4      | HP: 8/38 [iguana (3)]
  2913 | D:4      | Reached skill level 6 in Axes
  3091 | D:4      | 3091 ||| READING 3 scrolls of identify.
  3091 | D:4      | 3091 ||| IDENTIFYING amethyst potion
  3092 | D:4      | 3092 ||| READING 2 scrolls of identify.
  3092 | D:4      | 3092 ||| IDENTIFYING black potion
  3093 | D:4      | 3093 ||| DROPPING potion of berserk rage.
  3110 | D:5      | Entered Level 5 of the Dungeon
  3110 | D:5      | You fall into a shaft and drop 3 floors!
  3125 | D:7      | Noticed Prince Ribbit
  3127 | D:7      | Noticed a steam dragon
  3128 | D:7      | 3128 ||| Stepping ~*~*~tactically~*~*~ (cloud).
  3131 | D:7      | HP: 5/38 [Prince Ribbit (8)]
  3133 | D:7      | Engulfed by a steam dragon's steam

Levels and vault maps discovered:
D:1:      sevenhm_arrival_forest_fort_small_4, layout_basic, serial_curves,
          eino_curves_02, eino_curves_01, hangedman_abyss_or_decor_lesser_grid
D:2:      minmay_inner_zag, layout_basic, hellmonk_ecumenical_altar_arch_garden,
          serial_shops, shop, basic_altar, nicolae_grassy_gnolls
D:3:      layout_loops_ring
D:4:      layout_cave_pools
D:5:      layout_loops_corners, uniq_sigmund
D:7:      minmay_evil_eye, layout_loops_cross, nemelex_dance_club_becter,
          nicolae_shop_overcharged_wands, uniq_prince_ribbit1
D:8:      layout_basic, nicolae_kikubaaqudgha_miasma_corner,
          mainiacjoe_overflow_24_doors, lemuel_tele_altar,
          erik_lair_orcish_takeover, enter_bailey_5, minivault_26,
          interstate_on_off, minmay_stone_trees_small, uniq_maurice

Skill      XL: |  1  2  3  4  5  6 |
---------------+-------------------+-----
Axes           | 2 3 4 5 6 |  6.0
Throwing       | 1 |  1.2
Fighting       | 4 |  4.0
Armour         | |  3.2
Dodging        | |  0.1
Shields        | |  3.2

Action                     |  1- 3 |  4- 6 || total
---------------------------+-------+-------++-------
  Melee: War axe           |    57 |   178 ||   235
  Throw: Javelin           |     3 |    58 ||    61
    Use: Scroll            |     3 |     9 ||    12
         Potion            |       |     1 ||     1
 Armour: Scale mail        |    26 |       ||    26
         Chain mail        |    15 |   134 ||   149
  Dodge: Dodged            |    26 |    86 ||   112
  Block: Buckler           |    11 |    44 ||    55

Table legend:
 A = Non-vault XP
 B = Vault XP
 C = Vault XP percentage of total XP
 D = Non-vault monster count
 E = Vault monster count
 F = Vault count percentage of total count
                 A         B        C        D         E       F
            +---------+---------+-------+---------+---------+-------
      Total |     546 |      69 |  11.2 |      81 |       9 |  10.0
            +---------+---------+-------+---------+---------+-------
        D:1 |      36 |       0 |   0.0 |      12 |       0 |   0.0
        D:2 |      60 |      69 |  53.5 |      13 |       9 |  40.9
        D:3 |     157 |       0 |   0.0 |      27 |       0 |   0.0
        D:4 |     293 |       0 |   0.0 |      29 |       0 |   0.0
            +---------+---------+-------+---------+---------+-------
